Predators vs Capitals
Created - November 29, 2018 at 20:38
Goals
|
| Predators |
0 |
1 |
0 |
1 |
| Capitals |
1 |
0 |
2 |
3 |
|
Shots
|
| Predators |
8 |
5 |
14 |
27 |
| Capitals |
12 |
5 |
10 |
27 |
|
1st period
1. Capitals , Brent Burns 6 (Joe Thornton 17) at 10:48 (PP)
Penalties :
John Moore (Nas) for Hooking (Minor) at 10:46
2nd period
2. Predators , Andy Miele 6 (Justin Abdelkader 3, John Moore 5) at 11:12
Penalties :
Alexander Steen (Nas) for Holding (Minor) at 12:46
3rd period
3. Capitals , Jamie Benn 3 (T.J. Oshie 5, Mikko Koivu 8) at 16:48
4. Capitals , Blake Wheeler 9 (Joe Thornton 18, Brent Burns 12) at 17:36 (PP)
Penalties :
Andy Miele (Nas) for Elbowing (Minor) at 7:22, Michal Rozsival (Nas) for Hooking (Minor) at 8:17, Niclas Bergfors (Nas) for Hooking (Minor) at 17:25
Goalie Stats
Viktor Fasth (Nas), 24 saves from 27 shots - (0.889), L, 10-8-1, 60:00 minutes
Tuukka Rask (Was), 26 saves from 27 shots - (0.963), W, 12-5-0, 60:00 minutes
Players Stats for Predators
Player Name G A P +/- PIM S H SB GA TA FO MP PP MP PK MP
------------------------------------------------------------------------------------
Adam Burish 0 0 0 0 0 0 1 0 0 0 0/0 8:38 0:00 0:59
Alexander Edler 0 0 0 0 0 3 2 1 2 0 0/0 26:04 0:00 3:04
Alexander Ovechkin 0 0 0 -1 0 6 3 0 1 2 0/0 20:42 0:00 0:31
Alexander Steen 0 0 0 0 2 2 1 0 0 0 0/1 15:04 0:00 0:00
Andy Miele 1 0 1 1 2 2 2 0 1 0 5/8 14:19 0:00 1:45
Anton Gustafsson 0 0 0 0 0 1 0 0 0 0 0/1 7:39 0:00 0:00
Blake Geoffrion 0 0 0 0 0 1 1 0 0 0 0/0 7:57 0:00 0:00
Brendan Gallagher 0 0 0 0 0 1 3 0 1 1 0/1 14:56 0:00 0:00
Byron Bitz 0 0 0 1 0 0 3 0 0 0 0/1 15:08 0:00 3:00
Dmitri Kalinin 0 0 0 0 0 1 0 3 0 1 0/0 19:02 0:00 0:52
John Moore 0 1 1 0 2 0 1 2 0 0 0/0 20:22 0:00 2:00
Justin Abdelkader 0 1 1 1 0 1 1 0 1 0 0/2 14:02 0:00 1:49
Michal Rozsival 0 0 0 0 2 0 2 0 1 0 0/0 14:50 0:00 1:06
Mikael Granlund 0 0 0 -1 0 1 3 1 0 1 10/20 19:59 0:00 0:15
Niclas Bergfors 0 0 0 -1 2 5 1 1 1 1 0/1 19:43 0:00 0:00
Ryan Kesler 0 0 0 0 0 3 3 1 0 0 7/11 15:27 0:00 0:49
Ryan Mcdonagh 0 0 0 0 0 0 4 1 0 0 0/0 26:22 0:00 3:09
Ryan Murray 0 0 0 0 0 0 1 0 0 1 0/0 13:31 0:00 0:00
Players Stats for Capitals
Player Name G A P +/- PIM S H SB GA TA FO MP PP MP PK MP
------------------------------------------------------------------------------------
Blake Wheeler 1 0 1 0 0 2 1 0 2 1 2/3 20:33 2:53 0:00
Brent Burns 1 1 2 0 0 2 1 1 1 2 0/0 25:09 3:00 0:00
Christian Ehrhoff 0 0 0 0 0 1 1 0 0 1 0/0 19:35 2:06 0:00
Dan Girardi 0 0 0 0 0 0 0 0 0 1 0/0 15:16 0:00 0:00
David Krejci 0 0 0 -1 0 0 0 0 0 0 2/2 6:31 0:00 0:00
Eric Fehr 0 0 0 -1 0 0 0 0 0 0 0/0 6:40 0:00 0:00
Erik Karlsson 0 0 0 0 0 1 2 0 2 1 0/0 25:09 3:00 0:00
Jamie Benn 1 0 1 1 0 4 0 1 0 0 0/0 13:38 0:00 0:00
Joe Thornton 0 2 2 -1 0 6 2 0 1 1 14/25 24:28 2:53 0:00
Mark Stone 0 0 0 0 0 0 0 0 0 0 0/0 3:11 0:00 0:00
Matt Carle 0 0 0 0 0 0 1 0 0 0 0/0 19:35 2:06 0:00
Mike Cammalleri 0 0 0 0 0 3 1 0 0 0 1/1 20:32 2:53 0:00
Mikko Koivu 0 1 1 1 0 3 0 0 0 0 2/5 13:55 0:00 0:00
Patrick Marleau 0 0 0 0 0 1 2 1 0 0 1/1 19:01 2:13 0:00
Ryan Getzlaf 0 0 0 0 0 2 2 1 0 0 2/9 19:01 2:13 0:00
Shayne Gostisbehere 0 0 0 0 0 1 1 3 0 0 0/0 15:16 0:00 0:00
T.J. Oshie 0 1 1 1 0 0 2 1 0 0 0/0 13:29 0:00 0:00
Wayne Simmonds 0 0 0 0 0 1 2 0 1 1 0/0 19:01 2:13 0:00
3 Stars
1 - Tuukka Rask (Was)
2 - Brent Burns (Was)
3 - Jamie Benn (Was)
Power Play
Predators - 0 on 0 Attempt(s) - 0.00%
Capitals - 2 on 5 Attempt(s) - 40.00%
Penalty Kill
Predators - 3 on 5 Attempt(s) - 60.00%
- Score 0 goal in Penalty Kill
Capitals - 0 on 0 Attempt(s) - 0.00%
- Score 0 goal in Penalty Kill
Team Stat
Predators - Hits : 32 - Faceoff Wins : 22 - Blocked Shots : 10 - Penalty Minutes : 10
Capitals - Hits : 18 - Faceoff Wins : 24 - Blocked Shots : 8 - Penalty Minutes : 0
Official
Referees : Unknown
Linesman : Unknown
Game Notes
No Game Note
Finance
Level 1 -- Attendance: 5633 (93.88%) -- Ticket Income $461,906
Level 2 -- Attendance: 4731 (94.62%) -- Ticket Income $222,357
Level 3 -- Attendance: 1808 (90.40%) -- Ticket Income $57,856
Level 4 -- Attendance: 4000 (100.00%) -- Ticket Income $84,000
Luxury Box -- Attendance: 726 (72.60%) -- Ticket Income $121,968
Game was played at the Verizon Center.
Total Attendance: 16898 (93.88%)
Total Ticket Income: $948,087
Other Income: $142,213
Total Income: $1,090,300
Predators
5 vs 5 Forward
Center Left Wing Right Wing Time % Phy DF OF
1 Mikael Granlund Alexander Ovechkin Niclas Bergfors 40 1 2 2
2 Ryan Kesler Alexander Steen Brendan Gallagher 30 2 1 2
3 Andy Miele Justin Abdelkader Byron Bitz 20 1 2 2
4 Anton Gustafsson Blake Geoffrion Adam Burish 10 1 2 2
5 vs 5 Defense
Defense Defense Time % Phy DF OF
1 Ryan Mcdonagh Alexander Edler 40 1 2 2
2 John Moore Dmitri Kalinin 30 1 2 2
3 Ryan Murray Michal Rozsival 20 1 2 2
4 Ryan Mcdonagh Alexander Edler 10 1 2 2
PowerPlay Forward
Center Left Wing Right Wing Time % Phy DF OF
1 Mikael Granlund Alexander Ovechkin Niclas Bergfors 60 1 1 3
2 Ryan Kesler Alexander Steen Brendan Gallagher 40 1 1 3
PowerPlay Defense
Defense Defense Time % Phy DF OF
1 Ryan Mcdonagh Alexander Edler 60 1 1 3
2 Ryan Murray John Moore 40 1 2 2
Penalty Kill 4 Players Forward
Center Wing Time % Phy DF OF
1 Andy Miele Byron Bitz 60 1 2 2
2 Ryan Kesler Adam Burish 40 1 2 2
Penalty Kill 4 Players Defense
Defense Defense Time % Phy DF OF
1 Ryan Mcdonagh Alexander Edler 60 1 2 2
2 John Moore Michal Rozsival 40 1 2 2
Penalty Kill - 3 Players Forward
Forward Time % Phy DF OF
1 Byron Bitz 60 1 2 2
2 Adam Burish 40 1 2 2
Penalty Kill - 3 Players Defense
Defense Defense Time % Phy DF OF
1 Ryan Mcdonagh Alexander Edler 60 1 2 2
2 John Moore Michal Rozsival 40 1 2 2
4 vs 4 Forward
Center Wing Time % Phy DF OF
1 Ryan Kesler Niclas Bergfors 60 1 2 2
2 Mikael Granlund Alexander Ovechkin 40 1 2 2
4 vs 4 Defense
Defense Defense Time % Phy DF OF
1 Ryan Mcdonagh Alexander Edler 60 1 2 2
2 John Moore Michal Rozsival 40 1 2 2
Last Minutes Offensive
Center Left Wing Right Wing Defense Defense
Ryan Kesler Alexander Ovechkin Niclas Bergfors Ryan Mcdonagh Alexander Edler
Last Minutes Defensive
Center Left Wing Right Wing Defense Defense
Ryan Kesler Alexander Ovechkin Byron Bitz Ryan Mcdonagh Alexander Edler
Goaltenders
Starting : Viktor Fasth
Backup : Chad Johnson
Extra Forwards
Normal : Brendan Gallagher, Blake Geoffrion, Justin Abdelkader - PP : Brendan Gallagher, Blake Geoffrion - PK : Justin Abdelkader
Extra Defensemen
Normal : Michal Rozsival, Ryan Murray, John Moore - PP : Dmitri Kalinin - PK : John Moore, Dmitri Kalinin
Penalty Shots
Alexander Ovechkin, Niclas Bergfors, Ryan Kesler, Andy Miele, Justin Abdelkader
Scratches
Barret Jackman (Healthy), James Van Riemsdyk (Sprained Right Ankle Injury)
Capitals
5 vs 5 Forward
Center Left Wing Right Wing Time % Phy DF OF
1 Joe Thornton Mike Cammalleri Blake Wheeler 40 1 2 2
2 Ryan Getzlaf Patrick Marleau Wayne Simmonds 30 1 2 2
3 Mikko Koivu Jamie Benn T.J. Oshie 20 1 2 2
4 David Krejci Joe Thornton Eric Fehr 10 1 2 2
5 vs 5 Defense
Defense Defense Time % Phy DF OF
1 Brent Burns Erik Karlsson 40 1 2 2
2 Christian Ehrhoff Matt Carle 30 1 2 2
3 Dan Girardi Shayne Gostisbehere 20 1 2 2
4 Brent Burns Erik Karlsson 10 1 2 2
PowerPlay Forward
Center Left Wing Right Wing Time % Phy DF OF
1 Joe Thornton Mike Cammalleri Blake Wheeler 60 1 2 2
2 Ryan Getzlaf Patrick Marleau Wayne Simmonds 40 1 2 2
PowerPlay Defense
Defense Defense Time % Phy DF OF
1 Brent Burns Erik Karlsson 60 1 2 2
2 Christian Ehrhoff Matt Carle 40 1 2 2
Penalty Kill 4 Players Forward
Center Wing Time % Phy DF OF
1 Joe Thornton Mike Cammalleri 60 1 2 2
2 Blake Wheeler Ryan Getzlaf 40 1 2 2
Penalty Kill 4 Players Defense
Defense Defense Time % Phy DF OF
1 Brent Burns Erik Karlsson 60 1 2 2
2 Christian Ehrhoff Matt Carle 40 1 2 2
Penalty Kill - 3 Players Forward
Forward Time % Phy DF OF
1 Joe Thornton 60 1 2 2
2 Mike Cammalleri 40 1 2 2
Penalty Kill - 3 Players Defense
Defense Defense Time % Phy DF OF
1 Brent Burns Erik Karlsson 60 1 2 2
2 Christian Ehrhoff Matt Carle 40 1 2 2
4 vs 4 Forward
Center Wing Time % Phy DF OF
1 Joe Thornton Mike Cammalleri 60 1 2 2
2 Blake Wheeler Ryan Getzlaf 40 1 2 2
4 vs 4 Defense
Defense Defense Time % Phy DF OF
1 Brent Burns Erik Karlsson 60 1 2 2
2 Christian Ehrhoff Matt Carle 40 1 2 2
Last Minutes Offensive
Center Left Wing Right Wing Defense Defense
Joe Thornton Mike Cammalleri Blake Wheeler Brent Burns Erik Karlsson
Last Minutes Defensive
Center Left Wing Right Wing Defense Defense
Joe Thornton Mike Cammalleri Blake Wheeler Brent Burns Erik Karlsson
Goaltenders
Starting : Tuukka Rask
Backup : Ilya Bryzgalov
Extra Forwards
Normal : Mark Stone, Mikko Koivu, Jamie Benn - PP : Mark Stone, Mikko Koivu - PK : Jamie Benn
Extra Defensemen
Normal : Dan Girardi, Shayne Gostisbehere, Christian Ehrhoff - PP : Dan Girardi - PK : Shayne Gostisbehere, Christian Ehrhoff
Penalty Shots
Joe Thornton, Mike Cammalleri, Blake Wheeler, Ryan Getzlaf, Wayne Simmonds
Scratches
Scott Hartnell (Healthy), Sergei Bobrovsky (Healthy)
% Time on Ice - Predators
Lines # - Real PCT - Wanted PCT - Time Play
Normal Forward
1 - 38% - 40% - 20:42
2 - 27% - 30% - 14:38
3 - 22% - 20% - 11:55
4 - 14% - 10% - 7:39
Normal Defense
1 - 37% - 40% - 20:30
2 - 33% - 30% - 18:23
3 - 25% - 20% - 13:31
4 - 5% - 10% - 2:30
PP Forward
1 - 0% - 60%
2 - 0% - 40%
PP Defense
1 - 0% - 60%
2 - 0% - 40%
PK Forward
1 - 80% - 60% - 3:13
2 - 20% - 40% - 0:49
PK Defense
1 - 61% - 60% - 2:27
2 - 39% - 40% - 1:35
PK3 Forward
1 - 84% - 60% - 0:54
2 - 16% - 40% - 0:10
PK3 Defense
1 - 58% - 60% - 0:37
2 - 42% - 40% - 0:27
44 Forward
1 - 0% - 60%
2 - 0% - 40%
44 Defense
1 - 0% - 60%
2 - 0% - 40%
Last Minute Offensive - 0:00
Last Minute Defensive - 0:00
Total
Forward - 60:00
Defense - 60:00
|
% Time on Ice - Capitals
Lines # - Real PCT - Wanted PCT - Time Play
Normal Forward
1 - 33% - 40% - 18:06
2 - 31% - 30% - 16:48
3 - 25% - 20% - 13:29
4 - 12% - 10% - 6:31
Normal Defense
1 - 36% - 40% - 19:47
2 - 32% - 30% - 17:29
3 - 28% - 20% - 15:16
4 - 4% - 10% - 2:22
PP Forward
1 - 57% - 60% - 2:53
2 - 43% - 40% - 2:13
PP Defense
1 - 59% - 60% - 3:00
2 - 41% - 40% - 2:06
PK Forward
1 - 0% - 60%
2 - 0% - 40%
PK Defense
1 - 0% - 60%
2 - 0% - 40%
PK3 Forward
1 - 0% - 60%
2 - 0% - 40%
PK3 Defense
1 - 0% - 60%
2 - 0% - 40%
44 Forward
1 - 0% - 60%
2 - 0% - 40%
44 Defense
1 - 0% - 60%
2 - 0% - 40%
Last Minute Offensive - 0:00
Last Minute Defensive - 0:00
Total
Forward - 60:00
Defense - 60:00
|
Play by Play
1st period
0:01 of 1st period - Mike Cammalleri wins face-off versus Mikael Granlund in neutral zone.
0:06 of 1st period - Ryan Mcdonagh is hit by Blake Wheeler and loses puck.
0:11 of 1st period - Snap shot by Joe Thornton.
0:11 of 1st period - Shot Misses the Net.
0:27 of 1st period - Erik Karlsson is hit by Alexander Edler and loses puck.
0:46 of 1st period - Dmitri Kalinin is hit by T.J. Oshie and loses puck.
0:53 of 1st period - Brent Burns is hit by Andy Miele and loses puck.
1:30 of 1st period - Brent Burns is hit by Ryan Murray and loses puck.
3:27 of 1st period - Slapshot by Alexander Ovechkin.
3:27 of 1st period - Stopped by Tuukka Rask with a rebound.
3:41 of 1st period - Wayne Simmonds is hit by Alexander Ovechkin and loses puck.
4:04 of 1st period - Snap shot by Wayne Simmonds.
4:04 of 1st period - Deflect By Ryan Getzlaf.
4:04 of 1st period - Stopped by Viktor Fasth without a rebound.
4:05 of 1st period - Joe Thornton wins face-off versus Ryan Kesler in Predators zone.
4:08 of 1st period - Snap shot by Joe Thornton.
4:08 of 1st period - Shot Blocked by Ryan Kesler.
4:27 of 1st period - Icing by Matt Carle.
4:28 of 1st period - Andy Miele wins face-off versus Mikko Koivu in Capitals zone.
4:53 of 1st period - Mike Cammalleri is hit by Ryan Kesler and loses puck.
5:05 of 1st period - Mike Cammalleri is hit by Ryan Kesler and loses puck.
6:51 of 1st period - Jamie Benn is hit by Andy Miele and loses puck.
7:10 of 1st period - Niclas Bergfors is hit by Ryan Getzlaf.
8:32 of 1st period - Brent Burns is hit by Blake Geoffrion and loses puck.
8:43 of 1st period - Mike Cammalleri is hit by Byron Bitz and loses puck.
9:10 of 1st period - Mark Stone is hit by Michal Rozsival and loses puck.
9:15 of 1st period - Snap shot by Niclas Bergfors.
9:15 of 1st period - Stopped by Tuukka Rask without a rebound.
9:16 of 1st period - Ryan Kesler wins face-off versus Ryan Getzlaf in Capitals zone.
9:25 of 1st period - Snap shot by Ryan Kesler.
9:25 of 1st period - Stopped by Tuukka Rask with a rebound.
9:27 of 1st period - Slapshot by Dmitri Kalinin.
9:27 of 1st period - Shot Misses the Net.
10:15 of 1st period - Joe Thornton is hit by Byron Bitz and loses puck.
10:32 of 1st period - Wrist shot by Ryan Getzlaf.
10:32 of 1st period - Shot Misses the Net.
10:46 of 1st period - Minor Penalty to John Moore for Hooking.
10:47 of 1st period - Joe Thornton wins face-off versus Andy Miele in Predators zone.
10:48 of 1st period - Slapshot by Brent Burns.
10:48 of 1st period - Goal by Brent Burns - Predators : 0 - Capitals : 1.
10:49 of 1st period - Joe Thornton wins face-off versus Niclas Bergfors in neutral zone.
11:18 of 1st period - Ryan Kesler is hit by Wayne Simmonds and loses puck.
12:01 of 1st period - Icing by Blake Geoffrion.
12:02 of 1st period - David Krejci wins face-off versus Anton Gustafsson in Predators zone.
12:11 of 1st period - Snap shot by Blake Geoffrion.
12:11 of 1st period - Stopped by Tuukka Rask without a rebound.
12:12 of 1st period - Mikael Granlund wins face-off versus Joe Thornton in Capitals zone.
12:15 of 1st period - Snap shot by Niclas Bergfors.
12:15 of 1st period - Deflect By Alexander Ovechkin.
12:15 of 1st period - Shot Blocked by Shayne Gostisbehere.
12:15 of 1st period - Puck is out of play.
12:16 of 1st period - Joe Thornton wins face-off versus Mikael Granlund in Capitals zone.
12:21 of 1st period - Snap shot by Blake Wheeler.
12:21 of 1st period - Shot Blocked by John Moore.
12:23 of 1st period - Snap shot by Joe Thornton.
12:23 of 1st period - Stopped by Viktor Fasth with a rebound.
12:31 of 1st period - Snap shot by Blake Wheeler.
12:31 of 1st period - Shot Blocked by Dmitri Kalinin.
12:50 of 1st period - Snap shot by Mikko Koivu.
12:50 of 1st period - Shot Misses the Net.
12:52 of 1st period - Wrist shot by Mikko Koivu.
12:52 of 1st period - Stopped by Viktor Fasth with a rebound.
12:54 of 1st period - Slapshot by Brent Burns.
12:54 of 1st period - Shot Blocked by Mikael Granlund.
13:29 of 1st period - Slapshot by Joe Thornton.
13:29 of 1st period - Stopped by Viktor Fasth with a rebound.
13:31 of 1st period - Slapshot by Christian Ehrhoff.
13:31 of 1st period - Stopped by Viktor Fasth without a rebound.
13:32 of 1st period - Andy Miele wins face-off versus Joe Thornton in Predators zone.
13:32 of 1st period - Andy Miele is hit by Mike Cammalleri.
14:08 of 1st period - Snap shot by Mike Cammalleri.
14:08 of 1st period - Stopped by Viktor Fasth with a rebound.
14:10 of 1st period - Snap shot by Mike Cammalleri.
14:10 of 1st period - Deflect By Byron Bitz.
14:10 of 1st period - Stopped by Viktor Fasth with a rebound.
14:12 of 1st period - Snap shot by Joe Thornton.
14:12 of 1st period - Shot Misses the Net.
14:38 of 1st period - Wrist shot by Mike Cammalleri.
14:38 of 1st period - Stopped by Viktor Fasth without a rebound.
14:39 of 1st period - Mikael Granlund wins face-off versus Ryan Getzlaf in Predators zone.
15:14 of 1st period - Snap shot by Niclas Bergfors.
15:14 of 1st period - Stopped by Tuukka Rask without a rebound.
15:15 of 1st period - Ryan Kesler wins face-off versus Ryan Getzlaf in Capitals zone.
15:18 of 1st period - Snap shot by Ryan Kesler.
15:18 of 1st period - Shot Blocked by Patrick Marleau.
15:20 of 1st period - Wrist shot by Dmitri Kalinin.
15:20 of 1st period - Stopped by Tuukka Rask without a rebound.
15:21 of 1st period - Ryan Kesler wins face-off versus Ryan Getzlaf in Capitals zone.
15:32 of 1st period - Snap shot by Ryan Kesler.
15:32 of 1st period - Stopped by Tuukka Rask with a rebound.
15:52 of 1st period - Wrist shot by Mikael Granlund.
15:52 of 1st period - Stopped by Tuukka Rask without a rebound.
15:53 of 1st period - Mikael Granlund wins face-off versus Joe Thornton in Capitals zone.
17:21 of 1st period - Dmitri Kalinin is hit by Patrick Marleau and loses puck.
17:32 of 1st period - Shayne Gostisbehere is hit by Mikael Granlund and loses puck.
18:31 of 1st period - Wrist shot by Wayne Simmonds.
18:31 of 1st period - Stopped by Viktor Fasth with a rebound.
18:33 of 1st period - Snap shot by Ryan Getzlaf.
18:33 of 1st period - Shot Misses the Net.
18:35 of 1st period - Snap shot by Patrick Marleau.
18:35 of 1st period - Stopped by Viktor Fasth without a rebound.
18:36 of 1st period - Blake Wheeler wins face-off versus Ryan Kesler in Predators zone.
19:06 of 1st period - Snap shot by Mikko Koivu.
19:06 of 1st period - Shot Misses the Net.
19:08 of 1st period - Snap shot by Mikko Koivu.
19:08 of 1st period - Shot Blocked by Ryan Mcdonagh.
19:12 of 1st period - Snap shot by Mikko Koivu.
19:12 of 1st period - Stopped by Viktor Fasth with a rebound.
Goals for this period are 0 for Predators vs 1 for Capitals.
Shots for this period are 8 for Predators vs 12 for Capitals.
2nd period
0:01 of 2nd period - Joe Thornton wins face-off versus Ryan Kesler in neutral zone.
0:06 of 2nd period - Slapshot by Erik Karlsson.
0:06 of 2nd period - Shot Misses the Net.
0:08 of 2nd period - Snap shot by Blake Wheeler.
0:08 of 2nd period - Stopped by Viktor Fasth with a rebound.
0:10 of 2nd period - Snap shot by Blake Wheeler.
0:10 of 2nd period - Shot Misses the Net.
0:12 of 2nd period - Wrist shot by Blake Wheeler.
0:12 of 2nd period - Shot Misses the Net.
0:14 of 2nd period - Wrist shot by Blake Wheeler.
0:14 of 2nd period - Shot Misses the Net.
1:45 of 2nd period - Slapshot by Jamie Benn.
1:45 of 2nd period - Stopped by Viktor Fasth without a rebound.
1:46 of 2nd period - Joe Thornton wins face-off versus Mikael Granlund in Predators zone.
1:49 of 2nd period - Wrist shot by Mike Cammalleri.
1:49 of 2nd period - Shot Misses the Net.
2:10 of 2nd period - Ryan Getzlaf is hit by Brendan Gallagher and loses puck.
2:19 of 2nd period - Slapshot by Erik Karlsson.
2:19 of 2nd period - Shot Blocked by John Moore.
3:12 of 2nd period - Snap shot by Alexander Ovechkin.
3:12 of 2nd period - Stopped by Tuukka Rask with a rebound.
3:33 of 2nd period - Snap shot by Ryan Kesler.
3:33 of 2nd period - Shot Blocked by Jamie Benn.
3:39 of 2nd period - Wrist shot by Alexander Steen.
3:39 of 2nd period - Shot Misses the Net.
3:41 of 2nd period - Wrist shot by Alexander Steen.
3:41 of 2nd period - Deflect By Brendan Gallagher.
3:41 of 2nd period - Shot Hit the Post.
3:41 of 2nd period - Puck is out of play.
3:42 of 2nd period - Mikael Granlund wins face-off versus Joe Thornton in Capitals zone.
4:29 of 2nd period - Michal Rozsival is hit by Shayne Gostisbehere and loses puck.
4:54 of 2nd period - Erik Karlsson is hit by Mikael Granlund and loses puck.
5:43 of 2nd period - Snap shot by Joe Thornton.
5:43 of 2nd period - Shot Misses the Net.
5:49 of 2nd period - Mike Cammalleri is hit by Alexander Steen and loses puck.
6:04 of 2nd period - Snap shot by Wayne Simmonds.
6:04 of 2nd period - Shot Blocked by Niclas Bergfors.
6:10 of 2nd period - Shayne Gostisbehere is hit by Alexander Ovechkin and loses puck.
7:50 of 2nd period - Snap shot by Brendan Gallagher.
7:50 of 2nd period - Stopped by Tuukka Rask without a rebound.
7:51 of 2nd period - David Krejci wins face-off versus Brendan Gallagher in Capitals zone.
8:00 of 2nd period - Wrist shot by David Krejci.
8:00 of 2nd period - Shot Misses the Net.
8:12 of 2nd period - Wrist shot by Alexander Ovechkin.
8:12 of 2nd period - Shot Misses the Net.
9:16 of 2nd period - Dan Girardi is hit by Ryan Mcdonagh and loses puck.
10:33 of 2nd period - Snap shot by Anton Gustafsson.
10:33 of 2nd period - Stopped by Tuukka Rask with a rebound.
10:56 of 2nd period - Snap shot by Alexander Ovechkin.
10:56 of 2nd period - Stopped by Tuukka Rask with a rebound.
11:12 of 2nd period - Wrist shot by Andy Miele.
11:12 of 2nd period - Goal by Andy Miele - Predators : 1 - Capitals : 1.
11:13 of 2nd period - Joe Thornton wins face-off versus Mikael Granlund in neutral zone.
12:04 of 2nd period - Backhand shot by Mikko Koivu.
12:04 of 2nd period - Stopped by Viktor Fasth without a rebound.
12:05 of 2nd period - Joe Thornton wins face-off versus Mikael Granlund in Predators zone.
12:46 of 2nd period - Minor Penalty to Alexander Steen for Holding.
12:47 of 2nd period - Andy Miele wins face-off versus Joe Thornton in Predators zone.
14:46 of 2nd period - Penalty to Alexander Steen is over, Alexander Steen is back on ice.
14:48 of 2nd period - Andy Miele is hit by Ryan Getzlaf and loses puck.
14:59 of 2nd period - Alexander Edler is hit by T.J. Oshie and loses puck.
15:04 of 2nd period - Wrist shot by Jamie Benn.
15:04 of 2nd period - Shot Misses the Net.
15:06 of 2nd period - Snap shot by Mikko Koivu.
15:06 of 2nd period - Shot Misses the Net.
15:08 of 2nd period - Slapshot by Mikko Koivu.
15:08 of 2nd period - Shot Misses the Net.
16:12 of 2nd period - Adam Burish is hit by Joe Thornton and loses puck.
16:27 of 2nd period - Christian Ehrhoff is hit by Mikael Granlund and loses puck.
17:06 of 2nd period - Mark Stone is hit by John Moore and loses puck.
17:15 of 2nd period - Wrist shot by Adam Burish.
17:15 of 2nd period - Shot Blocked by Shayne Gostisbehere.
17:25 of 2nd period - Dan Girardi is hit by Brendan Gallagher.
18:05 of 2nd period - Ryan Getzlaf is hit by Ryan Mcdonagh and loses puck.
18:58 of 2nd period - John Moore is hit by Wayne Simmonds and loses puck.
19:09 of 2nd period - Eric Fehr is hit by Adam Burish and loses puck.
19:17 of 2nd period - Off-side.
19:18 of 2nd period - Mikko Koivu wins face-off versus Ryan Kesler in neutral zone.
19:21 of 2nd period - Slapshot by Matt Carle.
19:21 of 2nd period - Deflect By Jamie Benn.
19:21 of 2nd period - Stopped by Viktor Fasth with a rebound.
19:23 of 2nd period - Slapshot by Christian Ehrhoff.
19:23 of 2nd period - Shot Misses the Net.
19:25 of 2nd period - Snap shot by Jamie Benn.
19:25 of 2nd period - Stopped by Viktor Fasth without a rebound.
19:26 of 2nd period - Blake Wheeler wins face-off versus Alexander Steen in Predators zone.
19:33 of 2nd period - Snap shot by Mike Cammalleri.
19:33 of 2nd period - Shot Misses the Net.
Goals for this period are 1 for Predators vs 0 for Capitals.
Shots for this period are 5 for Predators vs 5 for Capitals.
3rd period
0:01 of 3rd period - Mikael Granlund wins face-off versus Blake Wheeler in neutral zone.
0:08 of 3rd period - Alexander Edler is hit by Brent Burns and loses puck.
0:38 of 3rd period - Wrist shot by Alexander Steen.
0:38 of 3rd period - Stopped by Tuukka Rask with a rebound.
0:57 of 3rd period - Wrist shot by Wayne Simmonds.
0:57 of 3rd period - Shot Blocked by Dmitri Kalinin.
1:03 of 3rd period - John Moore is hit by Patrick Marleau and loses puck.
1:16 of 3rd period - Dmitri Kalinin is hit by Christian Ehrhoff and loses puck.
1:51 of 3rd period - Slapshot by Niclas Bergfors.
1:51 of 3rd period - Shot Misses the Net.
2:09 of 3rd period - Slapshot by Shayne Gostisbehere.
2:09 of 3rd period - Stopped by Viktor Fasth without a rebound.
2:10 of 3rd period - Ryan Kesler wins face-off versus Joe Thornton in Predators zone.
2:35 of 3rd period - Mikael Granlund is hit by Erik Karlsson and loses puck.
3:00 of 3rd period - Brent Burns is hit by Michal Rozsival and loses puck.
3:39 of 3rd period - Wrist shot by Ryan Kesler.
3:39 of 3rd period - Stopped by Tuukka Rask without a rebound.
3:40 of 3rd period - Ryan Kesler wins face-off versus Joe Thornton in Capitals zone.
3:57 of 3rd period - Alexander Edler is hit by Matt Carle and loses puck.
4:04 of 3rd period - Blake Wheeler is hit by Ryan Mcdonagh.
4:26 of 3rd period - Wrist shot by Alexander Steen.
4:26 of 3rd period - Stopped by Tuukka Rask with a rebound.
4:28 of 3rd period - Slapshot by Alexander Edler.
4:28 of 3rd period - Stopped by Tuukka Rask without a rebound.
4:29 of 3rd period - Ryan Getzlaf wins face-off versus Mikael Granlund in Capitals zone.
4:40 of 3rd period - Wrist shot by Wayne Simmonds.
4:40 of 3rd period - Shot Blocked by Dmitri Kalinin.
4:42 of 3rd period - Slapshot by Ryan Getzlaf.
4:42 of 3rd period - Stopped by Viktor Fasth without a rebound.
4:43 of 3rd period - Mikael Granlund wins face-off versus Ryan Getzlaf in Predators zone.
5:00 of 3rd period - Snap shot by Alexander Ovechkin.
5:00 of 3rd period - Stopped by Tuukka Rask without a rebound.
5:01 of 3rd period - Ryan Kesler wins face-off versus Mikko Koivu in Capitals zone.
5:10 of 3rd period - Snap shot by Ryan Kesler.
5:10 of 3rd period - Shot Blocked by T.J. Oshie.
5:12 of 3rd period - Backhand shot by Alexander Edler.
5:12 of 3rd period - Stopped by Tuukka Rask with a rebound.
5:14 of 3rd period - Snap shot by Alexander Steen.
5:14 of 3rd period - Shot Misses the Net.
5:28 of 3rd period - Erik Karlsson is hit by Alexander Edler and loses puck.
5:33 of 3rd period - Snap shot by Alexander Ovechkin.
5:33 of 3rd period - Deflect By Niclas Bergfors.
5:33 of 3rd period - Stopped by Tuukka Rask without a rebound.
5:34 of 3rd period - Mikael Granlund wins face-off versus Joe Thornton in Capitals zone.
5:43 of 3rd period - Slapshot by Niclas Bergfors.
5:43 of 3rd period - Stopped by Tuukka Rask without a rebound.
5:44 of 3rd period - Joe Thornton wins face-off versus Mikael Granlund in Capitals zone.
5:51 of 3rd period - Slapshot by Niclas Bergfors.
5:51 of 3rd period - Stopped by Tuukka Rask with a rebound.
6:11 of 3rd period - Snap shot by Alexander Ovechkin.
6:11 of 3rd period - Shot Misses the Net.
6:21 of 3rd period - Backhand shot by Niclas Bergfors.
6:21 of 3rd period - Shot Misses the Net.
6:23 of 3rd period - Slapshot by Dmitri Kalinin.
6:23 of 3rd period - Shot Misses the Net.
6:31 of 3rd period - Wrist shot by Alexander Ovechkin.
6:31 of 3rd period - Stopped by Tuukka Rask with a rebound.
6:55 of 3rd period - Snap shot by Alexander Ovechkin.
6:55 of 3rd period - Stopped by Tuukka Rask without a rebound.
6:56 of 3rd period - Ryan Kesler wins face-off versus Ryan Getzlaf in Capitals zone.
7:22 of 3rd period - Minor Penalty to Andy Miele for Elbowing.
7:23 of 3rd period - Patrick Marleau wins face-off versus Justin Abdelkader in Predators zone.
8:03 of 3rd period - Icing by Joe Thornton.
8:04 of 3rd period - Joe Thornton wins face-off versus Justin Abdelkader in Capitals zone.
8:17 of 3rd period - Minor Penalty to Michal Rozsival for Hooking.
8:18 of 3rd period - Joe Thornton wins face-off versus Byron Bitz in Predators zone.
8:51 of 3rd period - Slapshot by Brent Burns.
8:51 of 3rd period - Stopped by Viktor Fasth with a rebound.
9:22 of 3rd period - Penalty to Andy Miele is over, Andy Miele is back on ice.
10:17 of 3rd period - Penalty to Michal Rozsival is over, Michal Rozsival is back on ice.
10:57 of 3rd period - David Krejci is hit by Brendan Gallagher and loses puck.
11:07 of 3rd period - Off-side.
11:08 of 3rd period - Mikael Granlund wins face-off versus Mikko Koivu in neutral zone.
11:45 of 3rd period - Ryan Kesler is hit by Joe Thornton and loses puck.
12:00 of 3rd period - Wrist shot by Justin Abdelkader.
12:00 of 3rd period - Shot Misses the Net.
12:02 of 3rd period - Slapshot by Byron Bitz.
12:02 of 3rd period - Shot Misses the Net.
12:20 of 3rd period - Slapshot by Brent Burns.
12:20 of 3rd period - Shot Misses the Net.
13:13 of 3rd period - Snap shot by Andy Miele.
13:13 of 3rd period - Shot Misses the Net.
13:15 of 3rd period - Snap shot by Andy Miele.
13:15 of 3rd period - Stopped by Tuukka Rask without a rebound.
13:16 of 3rd period - Ryan Getzlaf wins face-off versus Andy Miele in Capitals zone.
13:31 of 3rd period - Slapshot by Wayne Simmonds.
13:31 of 3rd period - Shot Misses the Net.
13:41 of 3rd period - Jamie Benn is hit by Alexander Ovechkin and loses puck.
14:05 of 3rd period - Wrist shot by Joe Thornton.
14:05 of 3rd period - Shot Misses the Net.
14:07 of 3rd period - Slapshot by Matt Carle.
14:07 of 3rd period - Deflect By Joe Thornton.
14:07 of 3rd period - Stopped by Viktor Fasth with a rebound.
14:09 of 3rd period - Wrist shot by Christian Ehrhoff.
14:09 of 3rd period - Shot Blocked by Alexander Edler.
14:11 of 3rd period - Wrist shot by Joe Thornton.
14:11 of 3rd period - Stopped by Viktor Fasth with a rebound.
15:18 of 3rd period - Snap shot by Andy Miele.
15:18 of 3rd period - Shot Blocked by Ryan Getzlaf.
15:20 of 3rd period - Snap shot by Dmitri Kalinin.
15:20 of 3rd period - Shot Blocked by Brent Burns.
15:40 of 3rd period - Michal Rozsival is hit by Erik Karlsson and loses puck.
15:53 of 3rd period - Jamie Benn is hit by Niclas Bergfors and loses puck.
16:25 of 3rd period - Mike Cammalleri is hit by Justin Abdelkader and loses puck.
16:32 of 3rd period - Snap shot by Justin Abdelkader.
16:32 of 3rd period - Shot Misses the Net.
16:34 of 3rd period - Slapshot by Alexander Edler.
16:34 of 3rd period - Deflect By Joe Thornton.
16:34 of 3rd period - Stopped by Tuukka Rask without a rebound.
16:35 of 3rd period - Mikko Koivu wins face-off versus Mikael Granlund in Capitals zone.
16:46 of 3rd period - Snap shot by T.J. Oshie.
16:46 of 3rd period - Shot Misses the Net.
16:48 of 3rd period - Snap shot by Jamie Benn.
16:48 of 3rd period - Goal by Jamie Benn - Predators : 1 - Capitals : 2.
16:49 of 3rd period - Joe Thornton wins face-off versus Mikael Granlund in neutral zone.
17:00 of 3rd period - Wrist shot by Joe Thornton.
17:00 of 3rd period - Stopped by Viktor Fasth with a rebound.
17:02 of 3rd period - Slapshot by Erik Karlsson.
17:02 of 3rd period - Shot Misses the Net.
17:04 of 3rd period - Snap shot by Erik Karlsson.
17:04 of 3rd period - Stopped by Viktor Fasth without a rebound.
17:05 of 3rd period - Andy Miele wins face-off versus Ryan Getzlaf in Predators zone.
17:14 of 3rd period - Erik Karlsson is hit by Byron Bitz and loses puck.
17:22 of 3rd period - Off-side.
17:23 of 3rd period - Mikael Granlund wins face-off versus Joe Thornton in neutral zone.
17:25 of 3rd period - Minor Penalty to Niclas Bergfors for Hooking.
17:26 of 3rd period - Andy Miele wins face-off versus Joe Thornton in Predators zone.
17:36 of 3rd period - Wrist shot by Blake Wheeler.
17:36 of 3rd period - Goal by Blake Wheeler - Predators : 1 - Capitals : 3.
17:37 of 3rd period - Joe Thornton wins face-off versus Andy Miele in neutral zone.
17:47 of 3rd period - Slapshot by Joe Thornton.
17:47 of 3rd period - Stopped by Viktor Fasth without a rebound.
17:48 of 3rd period - Mikael Granlund wins face-off versus Joe Thornton in Predators zone.
18:40 of 3rd period - Mike Cammalleri is hit by Ryan Kesler and loses puck.
19:27 of 3rd period - Wrist shot by Justin Abdelkader.
19:27 of 3rd period - Shot Misses the Net.
19:29 of 3rd period - Snap shot by Justin Abdelkader.
19:29 of 3rd period - Shot Blocked by Shayne Gostisbehere.
19:31 of 3rd period - Wrist shot by Justin Abdelkader.
19:31 of 3rd period - Stopped by Tuukka Rask without a rebound.
19:32 of 3rd period - Joe Thornton wins face-off versus Mikael Granlund in Capitals zone.
19:32 of 3rd period - Joe Thornton is hit by Ryan Mcdonagh.
Goals for this period are 0 for Predators vs 2 for Capitals.
Shots for this period are 14 for Predators vs 10 for Capitals.
Back to the Top